 Dungeon Crawl Stone Soup version 0.24.1-8-ga250c9d538 (webtiles) character file.

Game seed: 8303184493994184760, levelgen mode: deterministic

7 Hugehornet the Insei (level 2, 0/18 HPs)
             Began as an Octopode Transmuter on May 1, 2020.
             Slain by a hobgoblin (4 damage)
             ... on level 1 of the Dungeon.
             The game lasted 00:00:26 (229 turns).

Hugehornet the Insei (Octopode Transmuter)           Turns: 229, Time: 00:00:27

Health: 0/18       AC:  1    Str:  9    XL:     2   Next: 4%
Magic:  4/5        EV: 13    Int: 15    God:
Gold:   15         SH:  0    Dex: 12    Spells: 4/5 levels left

rFire    . . .     SeeInvis .     - Unarmed
rCold    . . .     Gourm    .   (no shield)
rNeg     . . .     Faith    .   (helmet restricted)
rPois    .         Spirit   .   (no amulet)
rElec    .         Reflect  .   (no ring)
rCorr    .         Harm     .   (no ring)
MR       .....                  (no ring)
Stlth    ++........             (no ring)
HPRegen  0.06/turn              (no ring)
MPRegen  0.09/turn              (no ring)
                                (no ring)
                                (no ring)

@: appendage
A: almost no armour, stealthy swim, amphibious, 8 rings, constrict 8, tentacle
spike 3, camouflage 1, gelatinous body 1
a: End Transformation


You were on level 1 of the Dungeon.
You were not hungry.
One of your tentacles had a temporary spike.
You visited 1 branch of the dungeon, and saw 1 of its levels.

You collected 15 gold pieces.

Inventory:

Missiles
 a - 12 arrows
Potions
 b - a potion of ambrosia {unknown}
Comestibles
 c - a ration


   Skills:
 - Level 1.0 Fighting
 - Level 2.0 Dodging
 - Level 3.0 Unarmed Combat
 - Level 2.0 Spellcasting
 + Level 2.7 Transmutations


You had 4 spell levels left.
You knew the following spells:

 Your Spells              Type           Power        Failure   Level  Hunger
a - Beastly Appendage     Tmut           #.....       8%          1    #......

Your spell library contained the following spells:

 Spells                   Type           Power        Failure   Level  Hunger
 Sticks to Snakes         Tmut           #.......     11%         2    ###....
 Spider Form              Tmut/Pois      #.........   36%         3    ###....
 Ice Form                 Ice/Tmut       #.......     77%         4    #####..
 Blade Hands              Tmut           #.........   90%         5    ######.


Dungeon Overview and Level Annotations

Branches:
Dungeon (1/15)

Altars:


Innate Abilities, Weirdness & Mutations

You cannot wear most types of armour.
You are very stealthy in the water. (Stealth+)
You are amphibious.
You can wear up to eight rings at the same time.
You can use your tentacles to constrict eight enemies at once.
Your skin changes colour to match your surroundings (Stealth+).
Your rubbery body absorbs attacks. (AC +1, EV +1)
One of your tentacles bears a large vicious spike.


Message History

You are too injured to fight recklessly!
You are too injured to fight recklessly!
You are too injured to fight recklessly!
Found 17 gold pieces.
You see here 6 javelins.
The hobgoblin hits you.
* * * LOW HITPOINT WARNING * * *
You closely miss the hobgoblin. Your grab misses the hobgoblin.
The hobgoblin misses you.
You barely miss the hobgoblin. Your grab misses the hobgoblin.
Your tentacle spike misses the hobgoblin.
Your squeeze misses the hobgoblin. The hobgoblin misses you.
You closely miss the hobgoblin. You grab the hobgoblin.
Your tentacle spike misses the hobgoblin.
You constrict the hobgoblin, but do no damage.
The hobgoblin hits you but does no damage.
You tentacle-slap the hobgoblin.
The hobgoblin is severely wounded.
You constrict the hobgoblin. The hobgoblin hits you.
You die...

################
#......##......####
.......##......#...
..................
..............#
####...(......#
###.............#
.......@.#......#####
......g.......?.....#
....................#
.....#.....###[...).#
..$..#..%### #.†....#
.... #...#
###.######### ...
..... #............
.#. .....
#.#####.#####
#.#...#.#...#


You could see a hobgoblin.

Vanquished Creatures
  A leopard gecko (D:1)
  3 bats (D:1)
  A kobold (D:1)
  A rat (D:1)
6 creatures vanquished.

Notes
Turn   | Place    | Note
-------+----------+-------------------------------------------
     0 | D:1      | Hugehornet the Octopode Transmuter began the quest for the
                  | Orb.
     0 | D:1      | Reached XP level 1. HP: 13/13 MP: 3/3
   213 | D:1      | Reached XP level 2. HP: 7/18 MP: 3/5
   229 | D:1      | Slain by a hobgoblin

Levels and vault maps discovered:
D:1:      minmay_arrival_four_houses, layout_basic

Action                   || total
-------------------------++-------
Melee: Unarmed           ||    19
       Constrict         ||     6
       Kick              ||     3
       Tentacles         ||     2
       Punch             ||     1
 Cast: Beastly Appendage ||     4
Armor: Skin              ||     6
Dodge: Dodged            ||    15
